 Dungeon Crawl Stone Soup version 0.18.1-48-g4cf74bf (webtiles) character file.

685 KrisztiCat the Magician (level 7, -1/36 HPs)
             Began as a Gargoyle Earth Elementalist on July 5, 2016.
             Was a Believer of Vehumet.
             Killed from afar by an orc wizard (6 damage)
             ... with a magic dart
             ... on level 4 of the Dungeon.
             The game lasted 00:29:47 (3628 turns).

KrisztiCat the Magician (GrEE)                      Turns: 3628, Time: 00:29:48

Health: -1/36      AC:  2    Str: 12    XL:     7   Next: 62%
Magic:  5/16       EV: 12    Int: 17    God:    Vehumet [**....]
Gold:   281        SH:  2    Dex: 10    Spells: 2 memorised, 15 levels left

rFire  + . .     SeeInvis .     y - +0 mace
rCold  + . .     Gourm    .     a - +1 robe
rNeg   + . .     Faith    .     (no shield)
rPois  ∞         Spirit   .     g - +2 helmet
rElec  +         Dismiss  .     (no cloak)
rCorr  +         Reflect  +     (no gloves)
SustAt .         Harm     .     (no boots)
MR     +....                    p - +2 amulet of reflection
Stlth  ++........               x - ring of resist corrosion
                                o - ring of protection from magic

@: resistant, corroded, somewhat resistant to hostile enchantments, unstealthy
A: negative energy resistance 1, electricity resistance, unbreathing,
petrification resistance, rot immunity, AC +4
a: Renounce Religion


You were on level 4 of the Dungeon.
You worshipped Vehumet.
Vehumet was pleased with you.
You were not hungry.

You visited 2 branches of the dungeon, and saw 6 of its levels.
You also visited: Sewer.

You collected 281 gold pieces.

Inventory:

Hand Weapons
 y - a +0 mace (weapon)
Missiles
 b - 76 stones (quivered)
Armour
 a - a +1 robe (worn)
 g - a +2 helmet (worn)
 i - a +0 buckler
Jewellery
 o - a ring of protection from magic (left hand)
 p - a +2 amulet of reflection (around neck)
 x - a ring of resist corrosion (right hand)
Wands
 u - a wand of flame (31/48)
Scrolls
 f - a scroll of fog
 m - a scroll of enchant armour
 s - a scroll of remove curse
Potions
 e - 2 potions of curing
 n - a potion of magic {unknown}
 q - 2 potions of agility
 w - 2 potions of flight
Books
 c - a book of Geomancy

   Spells                             Type                      Level
   a - Sandblast                      Earth                        1
   b - Passwall                       Transmutation/Earth          2
   c - Stone Arrow                    Conjuration/Earth            3
   d - Petrify                        Transmutation/Earth          4
   e - Lee's Rapid Deconstruction     Earth                        5
Comestibles
 d - 3 bread rations
 j - 3 chunks of flesh
 k - 3 meat rations
 r - 2 slices of pizza
 t - a beef jerky


   Skills:
 - Level 1.5 Dodging
 - Level 2.1 Stealth
 * Level 6.6 Spellcasting
   Level 0.7 Transmutations
 + Level 6.2 Earth Magic


You had 15 spell levels left.
You knew the following spells:

 Your Spells              Type           Power        Failure   Level  Hunger
a - Sandblast             Erth           ####..       1%          1    None
b - Stone Arrow           Conj/Erth      ###...       12%         3    ##.....


Dungeon Overview and Level Annotations

Branches:
Dungeon (5/15)             Temple (1/1) D:4

Altars:
Ashenzari
Cheibriados
Dithmenos
Elyvilon
Fedhas
Gozag
Kikubaaqudgha
Makhleb
Okawaru
Pakellas
Qazlal
Ru
Sif Muna
Vehumet
Xom
Yredelemnul
Zin
The Shining One


Innate Abilities, Weirdness & Mutations

You are resistant to torment.
Your stone body is resilient (AC +4).
You are immune to poison.
You resist negative energy.
You are resistant to electric shocks.
You can survive without breathing.
You are immune to petrification.
You are immune to rotting.


Message History

You are splashed with acid!
The acid burns!
You resist.
* * * LOW HITPOINT WARNING * * *
You hear some strange, mumbled words.
A puff of flame appears from out of thin air!
The puff of flame misses you. The jelly closely misses you.
Drink which item? (? for menu, Esc to quit)
You feel better.
You hear some strange, mumbled words.
A magic dart appears from out of thin air!
The magic dart hits you!
* * * LOW HITPOINT WARNING * * *
The jelly closely misses you.
Read which item? (? for menu, Esc to quit)
Okay, then.
Drink which item? (? for menu, Esc to quit)
You feel protected.
You hear some strange, mumbled words.
A magic dart appears from out of thin air!
The magic dart hits you!
You die...

##### #... #
#####.#### #
####.....[{@#
.#
#........##J#
#.##
#.##.######.#
##.# #.##.#
#.# ...#
#.##.# #.#
##.###.##.####
#.#
.............#
#.#
.#........##.#
#.#
#####...#.##
#.#


You could see a jelly.

Vanquished Creatures
  A centaur (D:3)
  An ogre (D:4)
  A big kobold (Sewer)
  A howler monkey (D:5)
  3 orc wizards
  An orc priest (D:4)
  Ijyb (D:3)
  Robin (D:3)
  6 adders
  5 gnolls
  3 river rats
  3 worms
  3 dart slugs
  3 giant geckos
  12 orcs
  2 ball pythons
  3 giant cockroaches (D:1)
  11 goblins
  9 hobgoblins
  14 jackals
  2 quokkas
  4 bats
  3 giant newts
  9 kobolds
  9 rats
111 creatures vanquished.

Notes
Turn   | Place    | Note
--------------------------------------------------------------
     0 | D:1      | KrisztiCat the Gargoyle Earth Elementalist began the quest for the Orb.
     0 | D:1      | Reached XP level 1. HP: 10/10 MP: 3/3
    76 | D:1      | Reached XP level 2. HP: 13/15 MP: 0/5
   619 | D:1      | Reached XP level 3. HP: 15/19 MP: 4/7
  1347 | D:2      | Reached XP level 4. HP: 18/24 MP: 1/9
  2053 | D:3      | Noticed Robin
  2075 | D:3      | Noticed Ijyb
  2095 | D:3      | Killed Robin
  2095 | D:3      | Reached XP level 5. HP: 18/28 MP: 0/11
  2135 | D:3      | Killed Ijyb
  2199 | D:3      | Noticed a centaur
  2227 | D:3      | Killed a centaur
  2227 | D:3      | Reached skill level 5 in Earth Magic
  2227 | D:3      | Reached XP level 6. HP: 29/32 MP: 7/13
  2295 | D:5      | Entered Level 5 of the Dungeon
  2310 | D:4      | Learned a level 3 spell: Stone Arrow
  2326 | D:4      | Found a staircase to the Ecumenical Temple.
  2341 | D:4      | Reached skill level 5 in Spellcasting
  2355 | Temple   | Entered the Ecumenical Temple
  2406 | Temple   | Became a worshipper of Vehumet
  2544 | D:4      | Found a glowing drain.
  2604 | Sewer    | Entered a sewer
  2768 | Sewer    | Reached * piety under Vehumet
  2768 | Sewer    | Offered knowledge of Flame Tongue by Vehumet.
  2794 | Sewer    | Found a white marble altar of Elyvilon.
  2910 | D:4      | Reached XP level 7. HP: 36/36 MP: 12/15
  3565 | D:4      | Reached ** piety under Vehumet
  3565 | D:4      | Offered knowledge of Sting by Vehumet.
  3628 | D:4      | Killed from afar by an orc wizard

Skill      XL: |  1  2  3  4  5  6  7 |
---------------+----------------------+-----
Spellcasting   | 3 4 5 6 |  6.6
Earth Magic    | 4 5 6 |  6.2
Dodging        | |  1.5
Stealth        | |  2.1
Transmutations | |  0.7

Action                   |  1- 3 |  4- 6 |  7- 9 || total
-------------------------+-------+-------+-------++-------
Melee: Dagger            |    26 |   108 |       ||   134
       Mace              |       |       |    19 ||    19
 Cast: Sandblast         |    59 |    90 |    55 ||   204
  Use: Scroll            |     5 |     6 |     1 ||    12
       Potion            |       |     4 |     4 ||     8
 Stab: Sleeping          |       |     3 |       ||     3
  Eat: Chunk             |     1 |     6 |     2 ||     9
Armor: Robe              |    27 |    91 |    38 ||   156
Dodge: Dodged            |    35 |   107 |    49 ||   191
Block: Other             |       |     1 |     6 ||     7
